 Dungeon Sprint DCSS version 0.28.0-43-g3370ac3207 (webtiles) character file.

Game seed: 12159381482851264568

528 boopmooplesden the Carver (level 7, -1/112 HPs)
             Began as a Minotaur Berserker on Mar 11, 2022.
             Was a Priest of Trog.
             Slain by a boulder beetle (16 damage)
             ... in the Dungeon (Sprint II: "The Violet Keep of Menkaure").
             The game lasted 00:00:27 (122 turns).

boopmooplesden the Carver (Minotaur Berserker)       Turns: 122, Time: 00:00:28

Health: -1/112     AC:  2    Str: 22    XL:     7   Next: 3%
Magic:  6/6        EV: 13    Int:  4    God:    Trog [***...]
Gold:   243        SH:  0    Dex:  9    Spells: 6/6 levels left

rFire   . . .      SeeInvis .   a - +0 falchion
rCold   . . .      Faith    .   (no shield)
rNeg    . . .      Spirit   .   b - +0 animal skin
rPois   .          Reflect  .   (helmet restricted)
rElec   .          Harm     .   (no cloak)
rCorr   .          Rampage  .   (no gloves)
Will    .....      NoTele   +   (no boots)
Stlth   ..........              (no amulet)
HPRegen 0.28/turn               (no ring)
MPRegen 0.10/turn               (no ring)

@: berserking, very quick
A: horns 2, retaliatory headbutt, weak 1, evolution 1
a: Renounce Religion, Berserk, Trog's Hand


You were in the Dungeon.
You worshipped Trog.
Trog was most pleased with you.
You visited 1 branch You collected 243 gold pieces.

Inventory:

Hand Weapons
 a - a +0 falchion (weapon)
Armour
 b - a +0 animal skin (worn)
Scrolls
 h - a scroll of blinking
Potions
 c - a potion of curing
 d - a potion of heal wounds
 e - a potion of haste
 f - 2 potions of magic
 g - a potion of berserk rage


   Skills:
 + Level 11.7 Fighting
 + Level 12.0 Long Blades
 + Level 6.1 Armour
 + Level 5.9 Dodging


You had 6 spell levels left.
You didn't know any spells.
Your spell library was empty.

Dungeon Overview and Level Annotations

Branches:
Dungeon (1/1)

Altars:


Innate Abilities, Weirdness & Mutations

You have a pair of horns on your head.
You reflexively headbutt those who attack you in melee.
You are weak. (Str -2)
You have hidden genetic potential.


Message History

The boulder beetle waves its antennae.
You barely miss Menkaure.
Menkaure is heavily damaged.
Menkaure closely misses you.
You slash Menkaure!
You destroy Menkaure!
Trog accepts your kill.
Trog appreciates your killing of a magic user.
Your Long Blades skill increases to level 12!
You have reached level 7!
There is an open door, spattered with blood here.
A red film seems to cover your vision as you go berserk!
You feel yourself moving faster!
You feel mighty! The boulder beetle bites you!!
You slash the boulder beetle!
Your headbutt misses the boulder beetle.
The boulder beetle is lightly wounded.
You hit the boulder beetle. You headbutt the boulder beetle.
The boulder beetle is moderately wounded.
The boulder beetle bites you!
You hit the boulder beetle.
The boulder beetle is moderately wounded.
You hit the boulder beetle but do no damage.
The boulder beetle is moderately wounded.
The boulder beetle bites you!
* * * LOW HITPOINT WARNING * * *
You hit the boulder beetle but do no damage.
You headbutt the boulder beetle, but do no damage.
The boulder beetle is moderately wounded.
You hit the boulder beetle. You headbutt the boulder beetle!
The boulder beetle is heavily wounded.
The boulder beetle bites you!
* * * LOW HITPOINT WARNING * * *
You hit the boulder beetle but do no damage.
The boulder beetle is heavily wounded.
You hit the boulder beetle but do no damage.
You headbutt the boulder beetle!
The boulder beetle is heavily wounded.
The boulder beetle bites you!
You die...

##+##
##...##
#..#..#
##.#†## #
##†## .##
##.##$..#
+.<.'#
##B##...#
#@# .##
##.# #
#.# ##


You could see a boulder beetle.

Vanquished Creatures
  A neqoxec (D)
  Menkaure (D)
  4 necrophages (D)
6 creatures vanquished.

Notes
Turn   | Place    | Note
-------+----------+-------------------------------------------
     0 | D        | boopmooplesden the Minotaur Berserker began the quest for
                  | the Orb.
     0 | D        | Reached XP level 1. HP: 19/19 MP: 0/0
     1 | D        | Noticed a boulder beetle
     1 | D        | Noticed a boulder beetle
     4 | D        | Noticed a necrophage
     4 | D        | Noticed a necrophage
     4 | D        | Noticed a necrophage
     4 | D        | Noticed a necrophage
     8 | D        | Killed a necrophage
     9 | D        | Reached skill level 7 in Long Blades
     9 | D        | Reached XP level 2. HP: 34/34 MP: 1/1
     9 | D        | Reached XP level 3. HP: 39/39 MP: 2/2
     9 | D        | Reached XP level 4. HP: 47/47 MP: 3/3
    11 | D        | Killed a necrophage
    12 | D        | Reached skill level 9 in Long Blades
    12 | D        | Reached XP level 5. HP: 56/56 MP: 4/4
    17 | D        | Killed a necrophage
    17 | D        | Reached ** piety under Trog
    18 | D        | Reached skill level 10 in Long Blades
    18 | D        | Reached skill level 5 in Armour
    25 | D        | Killed a necrophage
    26 | D        | Reached skill level 10 in Fighting
    26 | D        | Reached skill level 5 in Dodging
    26 | D        | Reached XP level 6. HP: 47/67 MP: 5/5
    53 | D        | Noticed a neqoxec
    53 | D        | Gained mutation: You have hidden genetic potential. [a
                  | neqoxec]
    56 | D        | Gained mutation: You are weak. (Str -2) [a neqoxec]
    58 | D        | Killed a neqoxec
    59 | D        | Reached skill level 11 in Long Blades
   108 | D        | Noticed Menkaure
   112 | D        | Killed Menkaure
   112 | D        | Reached *** piety under Trog
   113 | D        | Reached skill level 12 in Long Blades
   113 | D        | Reached XP level 7. HP: 46/75 MP: 6/6
   122 | D        | Slain by a boulder beetle

Illustrated notes

Levels and vault maps discovered:
D:        the_violet_keep_of_menkaure [sprint2_stairs_cluster_1,
          sprint2_shoproom, sprint2_temple, sprint2_basic_supplies,
          sprint2_obstacle_1, sprint2_obstacle_5, sprint2_obstacle_3,
          sprint2_obstacle_2, sprint2_obstacle_4, sprint2_timed_cluster_1,
          sprint2_smallroom_cluster_1, sprint2_smallroom_final_cluster_1,
          sprint2_transparent_cluster_1, sprint2_second_timed_cluster_1,
          sprint2_sniper_area_1, sprint2_heavy_combat_area_1,
          sprint2_mutation_trap_area_1, sprint2_forest_area_1,
          sprint2_light_combat_area_1, sprint2_behind_water_1,
          sprint2_near_end_vault_1]

Skill      XL: |  1  2  3  4  5  6 |
---------------+-------------------+-----
Fighting       | 7 8 10 11 | 11.7
Long Blades    | 7 9 10 12 | 12.0
Armour         | 4 5 6 |  6.1
Dodging        | 3 4 5 |  5.9

Action                   |  1- 3 |  4- 6 |  7- 9 || total
-------------------------+-------+-------+-------++-------
Melee: Falchion          |     3 |    23 |     8 ||    34
       Headbutt          |     1 |     2 |     4 ||     7
Invok: Berserk           |     1 |       |     1 ||     2
Armor: Animal skin       |       |     1 |       ||     1
Dodge: Dodged            |     2 |     9 |       ||    11
